Map: 캑터스 밸리 - 래더 (공허)

Players

Harstem

  • Race: Protoss Protoss
  • Spawn Location: 11:00

jjakji - Winner!

  • Race: Terran Terran
  • Spawn Location: 7:00

Event: IEM XI Katowice - World Championship 2017

VOD

Have the link to the VOD?

Description

Time

  • Played on: March 2, 2017, 6:10 a.m.
  • Length: 9:04

All games in this series

Show
View Real Time Build Order
Export as new Build Order

Harstem Protoss 

Build Orders: 1 Gate Expand, Oracle Opening 

Get SALT Encoding   

  12  0:01  Probe (Chrono Boost)  
  13  0:11  Probe (Chrono Boost)  
  14  0:17  Pylon  
  14  0:22  Probe (Chrono Boost)  
  16  0:35  Probe (Chrono Boost)  
  16  0:36  Gateway  
  16  0:46  Probe (Chrono Boost)  
  16  0:49  Assimilator  
  17  0:57  Probe (Chrono Boost)  
  18  1:07  Probe (Chrono Boost)  
  19  1:18  Probe (Chrono Boost)  
  20  1:28  Nexus  
  20  1:35  Cybernetics Core  
  20  1:37  Probe (Chrono Boost)  
  21  1:45  Assimilator  
  21  1:47  Probe (Chrono Boost)  
  21  1:53  Pylon  
  22  1:58  Probe (Chrono Boost)  
  23  2:11  Probe (Chrono Boost)  
  23  2:14  Stargate  
  25  2:23  Probe (Chrono Boost)  
  25  2:24  Adept  
  27  2:30  Warp Gate  
  27  2:34  Probe (Chrono Boost)  
  28  2:40  Probe (Chrono Boost)  
  29  2:45  Probe (Chrono Boost)  
  29  2:50  Probe (Chrono Boost)  
  31  2:53  Oracle  
  31  2:56  Probe (Chrono Boost)  
  35  3:01  Probe (Chrono Boost)  
  36  3:08  Probe (Chrono Boost)  
  36  3:11  Probe (Chrono Boost)  
  39  3:20  Probe (Chrono Boost)  
  39  3:22  Probe (Chrono Boost)  
  40  3:32  Probe (Chrono Boost)  
  40  3:33  Probe (Chrono Boost)  
  41  3:34  Oracle  
  42  3:43  Probe (Chrono Boost)  
  42  3:45  Probe (Chrono Boost)  
  44  3:49  Pylon  
  44  3:51  Nexus  
  44  3:53  Probe (Chrono Boost)  
  44  3:54  Pylon  
  45  3:57  Gateway  
  45  3:59  Gateway  
  46  4:03  Probe (Chrono Boost)  
  46  4:07  Probe (Chrono Boost)  
  47  4:12  Assimilator  
  47  4:15  Twilight Council  
  48  4:18  Probe (Chrono Boost)  
  48  4:19  Adept  
  48  4:23  Mothership Core (Chrono Boost)  
  52  4:28  Probe (Chrono Boost)  
  53  4:31  Assimilator  
  53  4:37  Phoenix  
  53  4:40  Probe (Chrono Boost), Forge  
  53  4:41  Probe (Chrono Boost)  
  57  4:46  Pylon  
  57  4:52  Probe x2 (Chrono Boost)  
  59  4:55  Adept  
  59  4:56  Resonating Glaives  
  59  4:57  Pylon  
  61  5:00  Phoenix  
  61  5:03  Probe (Chrono Boost)  
  61  5:04  Probe (Chrono Boost)  
  61  5:06  Adept x2, Protoss Ground Weapons Level 1  
  69  5:08  Probe (Chrono Boost)  
  70  5:18  Probe (Chrono Boost)  
  70  5:20  Probe (Chrono Boost)  
  72  5:27  Probe (Chrono Boost)  
  73  5:30  Probe (Chrono Boost), Adept, Sentry  
  73  5:31  Adept  
  73  5:32  Phoenix  
  82  5:44  Gateway  
  82  5:45  Gateway  
  82  5:48  Probe x2 (Chrono Boost)  
  82  5:49  Pylon  
  84  5:50  Gateway  
  84  5:52  Adept  
  84  5:56  Adept  
  84  5:57  Adept  
  90  6:10  Phoenix  
  91  6:11  Probe (Chrono Boost)  
  91  6:15  Pylon  
  93  6:19  Adept x3  
  93  6:21  Pylon  
  93  6:22  Pylon  
  100  6:25  Probe (Chrono Boost)  
  100  6:28  Probe (Chrono Boost)  
  100  6:30  Pylon  
  100  6:31  Pylon  
  101  6:35  Phoenix  
  101  6:36  Pylon  
  104  6:40  Adept x2  
  104  6:42  Adept  
  104  6:46  Adept x2  
  113  6:48  Protoss Ground Armor Level 1  
  113  6:50  Protoss Air Weapons Level 1  
  113  6:55  Gateway  
  113  6:57  Phoenix, Gateway  
  115  7:06  Pylon  
  115  7:12  Robotics Facility  
  115  7:13  Adept x2  
  119  7:18  Adept x2  
  119  7:21  Adept  
  125  7:24  Adept  
  127  7:33  Assimilator  
  127  7:34  Probe x3 (Chrono Boost)  
  127  7:39  Assimilator  
  127  7:42  Pylon  
  127  7:43  Adept x3  
  127  7:44  Adept  
  136  7:46  Probe (Chrono Boost)  
  136  7:52  Sentry, Stalker  
  140  8:02  Stalker  
  140  8:03  Stalker  
  140  8:04  Probe x2 (Chrono Boost)  
  146  8:08  Warp Prism  
  146  8:12  Robotics Bay  
  146  8:20  Adept x3  
  146  8:21  Adept  
  148  8:29  Adept x4  
  148  8:42  Adept x4  
  147  8:48  Probe (Chrono Boost)  
  99  8:56  Stalker x3  
  99  8:57  Stalker  
Show
View Real Time Build Order
Export as new Build Order

jjakji Terran - Winner!

Build Orders: Command Center First (CC), MMM Bio 

Get SALT Encoding   

  12  0:00  SCV  
  13  0:12  SCV  
  14  0:17  Supply Depot  
  14  0:24  SCV  
  15  0:38  SCV  
  16  0:50  SCV  
  17  0:59  Command Center  
  17  1:02  SCV  
  18  1:13  Barracks  
  18  1:17  SCV  
  19  1:29  SCV  
  19  1:30  Barracks  
  20  1:41  SCV  
  20  1:45  Barracks  
  21  1:53  SCV  
  22  2:01  Marine  
  23  2:06  Orbital Command  
  23  2:13  Orbital Command  
  23  2:17  Marine  
  23  2:19  Marine  
  23  2:21  Refinery  
  25  2:27  Refinery  
  25  2:33  SCV  
  25  2:34  Marine  
  25  2:35  Marine  
  25  2:36  Marine  
  29  2:39  SCV  
  30  2:45  SCV  
  30  2:50  Engineering Bay  
  30  2:51  SCV  
  32  2:56  Marine x2, Barracks Tech Lab  
  34  3:00  SCV  
  34  3:03  SCV  
  34  3:04  Supply Depot  
  36  3:12  SCV  
  37  3:15  SCV  
  37  3:18  Marine, Missile Turret  
  38  3:22  Missile Turret  
  38  3:24  Stimpack  
  38  3:26  SCV  
  39  3:31  Marine x2  
  41  3:36  Marine  
  41  3:40  SCV x2  
  38  3:45  Factory  
  38  3:49  Marine  
  38  3:53  SCV x2  
  38  3:54  Barracks Reactor  
  38  3:55  Barracks Reactor  
  41  3:57  Supply Depot  
  41  4:05  SCV x2, Refinery  
  41  4:07  Marine  
  41  4:08  Terran Infantry Weapons Level 1  
  44  4:10  Supply Depot  
  45  4:17  SCV  
  45  4:19  SCV  
  46  4:24  Marine  
  46  4:29  SCV  
  46  4:30  Marine x2  
  46  4:31  Marine, SCV  
  52  4:32  Starport  
  52  4:35  Factory Reactor  
  52  4:40  Supply Depot  
  52  4:41  Marine, SCV  
  52  4:42  Marine  
  52  4:43  SCV  
  56  4:48  Marine x3, Refinery  
  56  4:51  Supply Depot  
  59  4:53  SCV  
  59  4:55  SCV  
  59  4:59  Marine  
  62  5:01  Marine  
  62  5:05  SCV  
  62  5:06  Marine x2  
  66  5:07  SCV  
  66  5:09  Supply Depot  
  66  5:12  Marine  
  68  5:16  Factory Reactor  
  68  5:17  Marine, Medivac  
  68  5:18  Medivac  
  68  5:19  Marine  
  74  5:24  Marine x2, Combat Shields  
  74  5:30  Marine  
  74  5:35  Marine  
  76  5:37  Marine  
  76  5:40  SCV x2  
  76  5:41  Supply Depot  
  76  5:42  Marine x2  
  81  5:47  Medivac  
  81  5:48  Marine, Medivac  
  86  6:02  Marine, Widow Mine x2  
  86  6:03  SCV x2  
  93  6:04  Command Center  
  93  6:07  Liberator  
  93  6:14  Marine  
  94  6:22  Supply Depot  
  94  6:24  Marine, Supply Depot  
  94  6:25  Marauder  
  100  6:27  Liberator  
  100  6:31  Widow Mine  
  102  6:35  Terran Infantry Armor Level 1  
  102  6:43  Widow Mine, SCV  
  102  6:44  SCV  
  102  6:46  Marauder  
  110  6:50  Missile Turret  
  110  6:55  SCV  
  110  6:56  SCV  
  110  6:57  Barracks  
  110  6:58  Liberator, Barracks  
  110  7:00  Marine x2  
  114  7:01  Marine x2  
  114  7:07  SCV  
  117  7:10  Liberator  
  117  7:14  SCV  
  117  7:15  Supply Depot, Widow Mine x2  
  118  7:19  SCV  
  127  7:32  Orbital Command  
  127  7:33  SCV x2  
  127  7:34  Missile Turret  
  129  7:41  Marine x4, Marauder  
  129  7:43  Widow Mine x2  
  135  7:45  SCV x2  
  135  7:48  Supply Depot, Barracks Tech Lab  
  135  7:49  Supply Depot, Barracks Tech Lab  
  135  7:50  Concussive Shells  
  141  7:52  Liberator  
  141  7:53  Liberator, Bunker  
  139  8:08  Marauder  
  139  8:10  Marauder x2  
  139  8:12  Widow Mine x2  
  151  8:14  Marine x2  
  157  8:24  Marine  
  157  8:25  Marine  
  156  8:33  Marine  
  157  8:39  Marine  

Tags
 
Add a new tag
Caveats
  • Supply blocks, unpowered buildings, or Contaminate may cause inaccurate times.
  • Supply counts are checked every 10 seconds.